 Dungeon Crawl Stone Soup version 0.17-a0-1532-g2de063d (webtiles) character file.

18 ventricule the Skirmisher (level 2, 0/24 HPs)
             Began as a Demonspawn Chaos Knight on July 16, 2015.
             Slain by Irhonir the naga
             ... wielding a +0 glaive of pain
             ... created by the player character
              (4 damage)
             ... on level 2 of the Dungeon.
             The game lasted 00:01:36 (670 turns).

ventricule the Skirmisher (Demonspawn Chaos Knight)  Turns: 670, Time: 00:01:39

Health: 0/24       AC:  6    Str: 12    XL:     2   Next: 48%
Magic:  2/2        EV: 11    Int: 13    God:    Xom [.....*]
Gold:   56         SH:  0    Dex: 12    Spells: 0 memorised, 1 level left

rFire  . . .     SeeInvis .     a - +0 spear (chaos)
rCold  . . .     Clarity  .     b - +2 leather armour
rNeg   . . .     SustAt   .     (no shield)
rPois  .         Gourm    .     (no helmet)
rElec  .         Spirit   .     (no cloak)
rCorr  .         Warding  .     (no gloves)
rMut   .         Stasis   .     (no boots)
MR     .....                    (no amulet)
Stlth  +.........               (no ring)
                                (no ring)

@: not resistant to hostile enchantments, very unstealthy
A: molten scales 1
a: Renounce Religion


You were on level 2 of the Dungeon.
You worshipped Xom.
You were Xom's teddy bear.
You were not hungry.

You visited 1 branch of the dungeon, and saw 2 of its levels.

You collected 56 gold pieces.


Innate Abilities, Weirdness & Mutations

You are partially covered in molten scales (AC +1).


   Skills:
 - Level 3.1 Fighting
 + Level 3.1 Polearms
 - Level 2.0 Armour
 - Level 1.1 Dodging


You had one spell level left.
You didn't know any spells.

Inventory:

Hand weapons
 a - a +0 spear of chaos (weapon)
Armour
 b - a +2 leather armour (worn)
 f - a +0 scale mail
Scrolls
 d - a scroll of magic mapping {unknown}
 h - a scroll of teleportation {unknown}
Miscellaneous
 g - a plain deck of wonders {drawn: 1}
Comestibles
 c - a bread ration

Dungeon Overview and Level Annotations

Branches:
Dungeon (2/15)

Altars:
Nemelex Xobeh

▒▒▒▒▒▒▒..▒▒▒▒▒▒.▒ ▒▒▒▒ ▒
▒▒.....▒▒.▒▒▒▒.... .. ▒
▒▒▒▒▒.....▒▒..▒ ▒. .▒
▒▒▒......▒ .. ..▒
▒▒..(..▒▒▒▒▒ .▒ ..▒
▒▒▒▒......▒▒▒▒.▒ ..▒
▒▒▒▒▒▒▒▒▒...▒▒....▒.▒ ▒▒
▒....N....▒..▒ ▒▒...▒
▒.▒▒▒▒▒6...▒.▒▒▒....▒
▒.▒..▒..>▒.....i.▒▒..▒
▒...[..▒▒▒▒▒.....▒ ▒..c.
▒.?......▒
▒...........▒▒
▒N...............▒▒▒▒▒.▒
▒▒▒....▒▒.▒▒▒▒.▒... ..
▒▒..▒▒▒.▒ .......▒ .▒
...▒ .▒ ▒.......▒ .▒
▒▒..▒ ▒ ▒.......▒


You could see Irhonir the naga and a naga shaped shifter (fleeing).


Message History

You feel sick.
* * * LOW HITPOINT WARNING * * *
You feel sick.
* * * LOW HITPOINT WARNING * * *
You feel sick.
You start resting.
You feel sick.
You feel sick.
A boggart comes into view.
You feel sick.
You are no longer poisoned. "Hum-dee-hum-dee-hum..."
The boggart suddenly seems more resistant.
You are now Xom's teddy bear.
Found a scroll labeled NAKKAM HOWEMABB.
You start resting.
You hit the boggart.
The boggart is lightly wounded.
The boggart closely misses you.
You hit the boggart.
The boggart's magic leaks into the air.
The boggart is lightly wounded.
The boggart changes into a naga!
Read which item? (? for menu, Esc to quit)
As you read the scroll of fear, it crumbles to dust.
You assume a fearsome visage.
The naga looks frightened!
The naga begs, "Please!
I have a lot of children!"
You see here a buckler.
The naga looks petrified.
Irhonir hits you from afar with a glaive of pain.
You die...
Xom yawns loudly!

Action                   || total
-------------------------++-------
Melee: Spear             ||    51
Evoke: Deck              ||     1
  Use: Scroll            ||     2

Vault maps used:
D:1:      dpeg_arrival_stonehenge_12_columns
D:2:      nemelex_deck

Notes
Turn   | Place    | Note
--------------------------------------------------------------
     0 | D:1      | ventricule the Demonspawn Chaos Knight began the quest for the Orb.
     0 | D:1      | Reached XP level 1. HP: 18/18 MP: 1/1
    89 | D:1      | Reached skill level 1 in Dodging
   222 | D:1      | XOM: harmless Pois miscast
   293 | D:1      | Gained mutation: You are partially covered in molten scales (AC +1). [demonic ancestry]
   293 | D:1      | Reached XP level 2. HP: 21/24 MP: 2/2
   294 | D:1      | Reached skill level 2 in Armour
   402 | D:1      | Reached skill level 3 in Polearms
   585 | D:2      | Found a sparkling altar of Nemelex Xobeh.
   629 | D:2      | Noticed a killer bee
   629 | D:2      | a worker ant changed into a killer bee
   630 | D:2      | Noticed a centaur
   630 | D:2      | a killer bee changed into a centaur
   633 | D:2      | Noticed Irhonir
   650 | D:2      | Noticed a boggart
   652 | D:2      | HP: 2/24 [poisoned by a worker ant]
   652 | D:2      | XOM: enchant monster (bad)
   665 | D:2      | Noticed a naga
   665 | D:2      | a boggart changed into a naga
   670 | D:2      | Slain by Irhonir the naga

Vanquished Creatures
  An ooze (D:1)
  A bat (D:1)
  A hobgoblin (D:1)
  3 giant geckos
  A goblin (D:1)
  3 jackals (D:1)
  2 rats (D:1)
12 creatures vanquished.
